 Dungeon Crawl Stone Soup version 0.21.1-1-g345015f (webtiles) character file.

2711 blaueavocado the Cleaver (level 9, -6/50 HPs)
             Began as a Vine Stalker Gladiator on Apr 23, 2018.
             Was a Follower of Yredelemnul.
             Killed from afar by an electric eel (8 damage)
             ... with a bolt of electricity
             ... on level 7 of the Dungeon.
             The game lasted 00:21:52 (5392 turns).

blaueavocado the Cleaver (Vine Stalker Gladiator)   Turns: 5392, Time: 00:21:53

Health: -6/50      AC:  9    Str: 20    XL:     9   Next: 66%
Magic:  0/10       EV: 11    Int:  8    God:    Yredelemnul [*.....]
Gold:   412        SH:  0    Dex: 16    Spells: 8/8 levels left

rFire    . . .     SeeInvis .   F - +2 war axe (flame)
rCold    . . .     Gourm    .   (no shield)
rNeg     . . .     Faith    .   r - +0 scale mail
rPois    .         Spirit   +   c - +2 helmet
rElec    .         Reflect  .   (no cloak)
rCorr    +         Harm     .   (no gloves)
MR       +....                  (no boots)
Stlth    +.........             g - amulet of magic regeneration
HPRegen  0.56/turn              v - ring of resist corrosion
MPRegen  0.37/turn              E - ring of stealth

@: no status effects
A: fangs 3, regeneration 1, magic shield, antimagic bite, no potion heal 3, rot
immunity
a: Animate Remains, Renounce Religion


You were on level 7 of the Dungeon.
You worshipped Yredelemnul.
Yredelemnul was aware of your devotion.
You were not hungry.

You visited 2 branches of the dungeon, and saw 8 of its levels.
You also visited: Ossuary.

You collected 483 gold pieces.
You spent 71 gold pieces at shops.

Inventory:

Hand Weapons
 a - a +1 war axe
 F - a +2 war axe of flaming (weapon)
 I - a cursed -3 hand axe
Missiles
 d - 3 throwing nets (quivered)
Armour
 b - a +0 leather armour
 c - a +2 helmet (worn)
 r - a +0 scale mail (worn)
Jewellery
 g - an amulet of magic regeneration (around neck)
 o - an uncursed ring of flight
 v - a ring of resist corrosion (left hand)
 E - a ring of stealth (right hand)
 H - an uncursed ring of wizardry
Wands
 s - a wand of iceblast (10)
 y - a wand of paralysis (14)
 J - a wand of flame (37)
Scrolls
 e - 5 scrolls of remove curse
 h - a scroll of amnesia
 j - 6 scrolls of identify
 k - a scroll of blinking
 t - a scroll of immolation
 u - 3 scrolls of teleportation
 w - 4 scrolls of magic mapping
 D - a scroll of fog
Potions
 i - a potion of agility
 m - a potion of experience {unknown}
 n - a potion of brilliance
 p - a potion of cancellation
 q - a potion of might {unknown}
 x - 2 potions of lignification {unknown}
 z - a potion of magic {unknown}
 A - a potion of ambrosia {unknown}
 B - a potion of berserk rage {unknown}
Books
 l - a book of Frost

   Spells                             Type                      Level
   a - Freeze                         Ice                          1
   b - Throw Frost                    Conjuration/Ice              2
   c - Ozocubu's Armour               Charms/Ice                   3
   d - Throw Icicle                   Conjuration/Ice              4
   e - Summon Ice Beast               Ice/Summoning                4
 C - a book of Changes

   Spells                             Type                      Level
   a - Beastly Appendage              Transmutation                1
   b - Sticks to Snakes               Transmutation                2
   c - Spider Form                    Transmutation/Poison         3
   d - Ice Form                       Ice/Transmutation            4
   e - Blade Hands                    Transmutation                5
 G - a Young Poisoner's Handbook

   Spells                             Type                      Level
   a - Sting                          Conjuration/Poison           1
   b - Poisonous Vapours              Poison/Air                   2
   c - Mephitic Cloud                 Conjuration/Poison/Air       3
   d - Olgreb's Toxic Radiance        Poison                       4
   e - Venom Bolt                     Conjuration/Poison           5
Comestibles
 f - 9 rations


   Skills:
 + Level 7.0 Fighting
 * Level 10.1 Axes
 - Level 1.7 Throwing
 - Level 2.4 Dodging


You had 8 spell levels left.
You didn't know any spells.

Dungeon Overview and Level Annotations

Branches:
Dungeon (7/15)             Temple (1/1) D:6

Altars:
Fedhas
Kikubaaqudgha
Makhleb
Nemelex Xobeh
Ru
Trog
Uskayaw
Yredelemnul

Shops:
D:4 ?

Annotations:
D:3 1 transporter
D:7 1 transporter


Innate Abilities, Weirdness & Mutations

You have razor-sharp teeth.
Your natural rate of healing is unusually fast.
When hurt, damage is shared between your health and your magic reserves.
Your bite disrupts and absorbs the magic of your enemies.
Potions cannot restore your health.
You are immune to rotting.


Message History

The bolt of electricity hits your worker ant zombie. x2
Your worker ant zombie is destroyed!
The bolt of electricity hits you!
* * * LOW HITPOINT WARNING * * *
You hit the electric eel. You burn the electric eel.
Your bite misses the electric eel.
The electric eel is moderately wounded.
You slash the electric eel! You burn the electric eel.
You kill the electric eel!
Yredelemnul accepts your kill.
You hear a splash.
The electric eel shoots out a bolt of lightning at you!
The bolt of electricity hits you!
* * * LOW HITPOINT WARNING * * *
The bolt of electricity hits the electric eel.
The electric eel completely resists.
The bolt of electricity hits the electric eel.
The electric eel completely resists.
The bolt of electricity hits you!
You die...
Your body rises from the dead as a mindless zombie.

##...##....#P.(.P#..####..##.<
##..........###+###..#......#..
#...........#≈≈≈≈≈#..#......#..
#...........#≈≈P≈≈#............
#........^..#≈≈≈P≈#....).......
##..........#≈≈♣≈≈#..#<)÷.÷....
##...##....#≈≈≈≈≈#.#.)#.#.[.#.
#######...#†[..≈#........#...
#...#;@..;#........#...
#...###'###..##....#...
#...#P...P#..##....#...
#...#8.©.8#..........#.
#.>.#######.###....#.#.
#......©.Z..###........
#........####..........
#####..................
##.##.#............


You could see 2 electric eels and a friendly orc priest zombie.

Vanquished Creatures
  Pikel (D:5)
  Joseph (D:6)
  Sigmund (D:5)
  Eustachio (D:6)
  A hungry ghost (D:6)
  An orc warrior (D:6)
  A sky beast (D:7)
  2 slaves
  A phantom (D:6)
  2 water moccasin zombies (Ossuary)
  2 howler monkeys (D:7)
  An electric eel (D:7)
  3 hounds
  3 orc wizards
  5 orc priests
  3 bullfrog skeletons
  A centaur skeleton (D:5)
  2 iguanas
  4 worker ants
  A killer bee zombie (D:6)
  A big kobold zombie (Ossuary)
  2 mummies (Ossuary)
  A worker ant zombie (D:7)
  4 adders
  4 gnolls (D:4)
  A shadow imp (D:5)
  5 oozes
  3 adder skeletons
  6 adder zombies (Ossuary)
  6 worms
  2 dart slugs
  6 leopard geckos
  11 orcs
  3 bats
  5 giant cockroaches
  A gnoll zombie (Ossuary)
  10 goblins
  12 hobgoblins
  8 jackals
  8 kobolds
  A quokka (D:3)
  4 frilled lizards
  3 hobgoblin zombies (Ossuary)
  4 kobold zombies (Ossuary)
  6 orc zombies (Ossuary)
  3 rats
157 creatures vanquished.

Vanquished Creatures (collateral kills)
  An orc warrior (D:7)
1 creature vanquished.

Vanquished Creatures (others)
  A worker ant zombie (D:7)
1 creature vanquished.

Grand Total: 159 creatures vanquished

Notes
Turn   | Place    | Note
-------+----------+-------------------------------------------
     0 | D:1      | blaueavocado the Vine Stalker Gladiator began the quest for the Orb.
     0 | D:1      | Reached XP level 1. HP: 11/11 MP: 2/2
    83 | D:1      | Reached skill level 3 in Axes
    85 | D:1      | Reached XP level 2. HP: 11/15 MP: 3/3
   310 | D:1      | Reached XP level 3. HP: 17/18 MP: 4/4
  1366 | D:2      | Gained mutation: Your natural rate of healing is unusually fast. [Vine Stalker growth]
  1366 | D:2      | Reached XP level 4. HP: 18/23 MP: 3/5
  1409 | D:2      | Reached skill level 4 in Axes
  1892 | D:3      | Found a transporter.
  1892 | D:3      | Found a transporter.
  2039 | D:3      | Reached XP level 5. HP: 26/28 MP: 6/6
  2551 | D:4      | Reached skill level 5 in Axes
  2551 | D:4      | Reached XP level 6. HP: 28/32 MP: 7/7
  2664 | D:4      | Found a hide-covered altar of Uskayaw.
  2668 | D:4      | Found Maisoz's Magic Scroll Boutique.
  2683 | D:4      | Bought a scroll of magic mapping for 38 gold pieces
  2683 | D:4      | Bought a scroll of teleportation for 33 gold pieces
  2695 | D:4      | Found a sand-covered staircase.
  2721 | Ossuary  | Entered an ossuary
  2821 | Ossuary  | Reached XP level 7. HP: 31/37 MP: 8/8
  2829 | Ossuary  | Reached skill level 6 in Axes
  3315 | D:4      | Found a sacrificial altar of Ru.
  3468 | D:5      | Entered Level 5 of the Dungeon
  3475 | D:5      | Noticed Sigmund
  3485 | D:5      | Killed Sigmund
  3491 | D:5      | Noticed Pikel
  3503 | D:5      | HP: 1/38 [slave[Pikel] (4)]
  3608 | D:5      | Killed Pikel
  3608 | D:5      | Reached skill level 5 in Fighting
  3608 | D:5      | Reached skill level 7 in Axes
  3608 | D:5      | Gained mutation: You have razor-sharp teeth. [Vine Stalker growth]
  3608 | D:5      | Reached XP level 8. HP: 27/43 MP: 9/9
  3858 | D:5      | Reached skill level 8 in Axes
  4131 | D:6      | Noticed a moth of wrath
  4133 | D:6      | Found a bloodstained altar of Trog.
  4457 | D:6      | Found a staircase to the Ecumenical Temple.
  4484 | Temple   | Entered the Ecumenical Temple
  4488 | Temple   | Became a worshipper of Yredelemnul the Dark
  4577 | D:6      | Noticed Eustachio
  4600 | D:6      | Killed Eustachio
  4870 | D:7      | Reached XP level 9. HP: 47/48 MP: 8/10
  4877 | D:7      | Noticed Joseph
  4881 | D:6      | Reached skill level 9 in Axes
  4934 | D:7      | Found a transporter.
  5092 | D:6      | Killed Joseph
  5092 | D:6      | Reached * piety under Yredelemnul
  5138 | D:7      | Found a transporter.
  5303 | D:7      | Reached skill level 10 in Axes
  5392 | D:7      | HP: 2/50 [electric eel/bolt of electricity (7)]
  5392 | D:7      | Killed from afar by an electric eel

Skill      XL: |  1  2  3  4  5  6  7  8  9 |
---------------+----------------------------+-----
Fighting       | 2 3 4 5 6 7 |  7.0
Axes           | 3 4 5 7 8 10 | 10.1
Throwing       | |  1.7
Dodging        | |  2.4

Action                   |  1- 3 |  4- 6 |  7- 9 || total
-------------------------+-------+-------+-------++-------
Melee: War axe           |    77 |   159 |   238 ||   474
       Bite              |    17 |    56 |    76 ||   149
Invok: Animate Remains   |       |       |     2 ||     2
 Abil: Evoke Flight      |       |       |     1 ||     1
  Use: Scroll            |       |     7 |     8 ||    15
       Potion            |       |       |     4 ||     4
 Stab: Sleeping          |     4 |     1 |       ||     5
  Eat: Chunk             |       |     3 |     4 ||     7
       Ration            |       |     1 |     3 ||     4
Armor: Leather armour    |    16 |     3 |       ||    19
       Scale mail        |       |    57 |   103 ||   160
Dodge: Dodged            |    39 |    94 |   155 ||   288
